Map: New Repugnancy LE

Players

Tezu

  • Race: Protoss Protoss
  • League: Master
  • Spawn Location: 1:00

zuka - Winner!

  • Race: Protoss Protoss
  • League: Master
  • Spawn Location: 7:00

VOD

Have the link to the VOD?

Description

Time

  • Played on: July 3, 2019, 4:41 p.m.
  • Length: 7:06
Show
View Real Time Build Order
Export as new Build Order

Tezu Protoss 

Build Orders: Blink Stalkers 

Get SALT Encoding   

  12  0:00  Probe  
  13  0:13  Probe  
  14  0:18  Pylon  
  14  0:25  Probe  
  15  0:34  Probe  
  15  0:41  Gateway  
  16  0:42  Probe  
  16  0:45  Assimilator  
  17  0:51  Probe  
  18  1:02  Assimilator  
  18  1:03  Probe  
  19  1:15  Probe  
  20  1:27  Probe  
  20  1:29  Cybernetics Core  
  20  1:31  Gateway  
  21  1:39  Probe  
  22  1:41  Pylon  
  22  1:51  Probe  
  23  2:05  Stalker  
  23  2:06  Warp Gate  
  26  2:13  Probe  
  26  2:16  Twilight Council  
  26  2:20  Stalker  
  28  2:24  Pylon  
  28  2:26  Blink  
  28  2:35  Stalker  
  30  2:59  Shield Battery  
  30  3:05  Probe  
  30  3:07  Shield Battery  
  30  3:10  Stalker  
  31  3:17  Probe  
  32  3:29  Gateway, Probe  
  32  3:32  Gateway  
  33  3:50  Robotics Facility  
  33  3:54  Stalker x2  
  37  4:18  Stalker  
  39  4:29  Pylon  
  39  4:47  Probe  
  39  4:49  Warp Prism  
  39  4:51  Charge  
  42  4:59  Probe  
  43  5:03  Sentry  
  43  5:04  Sentry  
  43  5:06  Nexus  
  47  5:26  Pylon  
  47  5:37  Pylon  
  47  5:55  Immortal  
  52  5:59  Pylon  
  52  6:02  Adept  
  54  6:06  Adept  
  53  6:23  Stalker x2  
  43  6:41  Stalker  
Show
View Real Time Build Order
Export as new Build Order

zuka Protoss - Winner!

Build Orders:  

Get SALT Encoding   

  12  0:01  Probe  
  13  0:13  Probe  
  14  0:18  Pylon  
  14  0:22  Probe  
  15  0:32  Probe  
  15  0:38  Gateway  
  15  0:42  Probe  
  16  0:47  Assimilator  
  17  0:54  Probe  
  17  0:56  Assimilator  
  18  1:06  Probe  
  18  1:10  Gateway  
  19  1:18  Probe  
  20  1:26  Cybernetics Core  
  20  1:31  Probe  
  21  1:36  Pylon  
  21  1:43  Probe  
  22  1:55  Adept x2, Probe  
  23  2:06  Warp Gate  
  27  2:13  Stargate  
  27  2:16  Probe  
  28  2:29  Adept  
  30  2:35  Pylon  
  30  2:55  Pylon  
  34  3:07  Void Ray  
  36  3:21  Robotics Facility  
  36  3:23  Stalker  
  34  3:46  Pylon  
  34  3:53  Void Ray  
  36  4:01  Zealot x2, Immortal  
  40  4:14  Gateway  
  44  4:36  Immortal  
  47  4:55  Zealot x2  
  50  5:02  Void Ray  
  54  5:12  Pylon  
  54  5:36  Stalker x2  
  54  5:37  Stalker  
  60  5:59  Pylon  
  60  6:12  Stalker  
  57  6:31  Stalker  
  50  6:33  Adept  
  51  6:44  Probe  
  51  6:46  Adept  
Tags
 
Composition
Blink Stalkers
Matchup
PvP
Spawn Locations
Cross Positions
Add a new tag
Caveats
  • Supply blocks, unpowered buildings, or Contaminate may cause inaccurate times.
  • Supply counts are checked every 10 seconds.